 Dungeon Crawl Stone Soup version 0.28-b1-25-g9875b3fc8c (webtiles) character file.

Game seed: 9422613239741918851

39 BorgnjorsVileCrotch the Shield-Bearer (level 3, -4/33 HPs)
             Began as a Minotaur Fighter on Feb 1, 2022.
             Slain by Sigmund (5 damage)
             ... on level 3 of the Dungeon.
             The game lasted 00:00:36 (1807 turns).

BorgnjorsVileCrotch the Shield-Bearer (MiFi)        Turns: 1807, Time: 00:00:37

Health: -4/33      AC:  7    Str: 22    XL:     3   Next: 26%
Magic:  2/2        EV:  9    Int:  5    God:
Gold:   61         SH:  4    Dex:  9    Spells: 2/2 levels left

rFire   . . .      SeeInvis .   a - +0 war axe
rCold   . . .      Faith    .   c - +0 buckler
rNeg    . . .      Spirit   .   b - +0 scale mail
rPois   .          Reflect  .   (helmet restricted)
rElec   .          Harm     .   (no cloak)
rCorr   .          Rampage  .   (no gloves)
Will    .....                   (no boots)
Stlth   ..........              (no amulet)
HPRegen 0.11/turn               (no ring)
MPRegen 0.08/turn               (no ring)

@: no status effects
A: horns 2, retaliatory headbutt
a: no special abilities


You were on level 3 of the Dungeon.
You visited 1 branch of the dungeon, and saw 3 of its levels.

You collected 61 gold pieces.

Inventory:

Hand Weapons
 a - a +0 war axe (weapon)
Armour
 b - a +0 scale mail (worn)
 c - a +0 buckler (worn)
Scrolls
 f - 3 scrolls of identify {unknown}
 g - a scroll of magic mapping {unknown}
 h - a scroll of vulnerability {unknown}
 i - a scroll of brand weapon {unknown}
 j - a scroll of summoning {unknown}
Potions
 d - a potion of might {@q3 !q}
 e - a potion of curing {unknown}


   Skills:
 + Level 4.0 Fighting
 * Level 3.4 Axes
 + Level 4.0 Armour
 + Level 4.0 Shields


You had 2 spell levels left.
You didn't know any spells.
Your spell library contained the following spells:

 Spells                   Type           Power      Damage    Failure   Level
 Pain                     Necr           0%         1d4       87%         1
 Summon Small Mammal      Summ           0%         N/A       87%         1
 Call Canine Familiar     Summ           0%         N/A       99%         3
 Summon Guardian Golem    Hex/Summ       0%         N/A       99%         3
 Agony                    Necr           0%         N/A       100%        5
 Excruciating Wounds      Necr           0%         N/A       100%        5


Dungeon Overview and Level Annotations

Branches:
Dungeon (3/15)

Altars:

Annotations:
D:3 Sigmund


Innate Abilities, Weirdness & Mutations

You have a pair of horns on your head.
You reflexively headbutt those who attack you in melee.


Message History

You kill the ball python!
The kobold hits you but does no damage.
You see here a ball python corpse.
You closely miss the kobold. Your headbutt misses the kobold.
The kobold hits you but does no damage.
You barely miss the kobold. The kobold hits you but does no damage.
Sigmund gestures at you while chanting. The magic dart hits you.
The hobgoblin hits you but does no damage.
You hit the hobgoblin but do no damage. Your headbutt misses the hobgoblin.
You miss the kobold. The kobold closely misses you.
The hobgoblin hits you but does no damage.
The kobold hits you but does no damage.
You closely miss the hobgoblin. You closely miss the kobold.
Sigmund gestures at you while chanting.
You are confused.
The hobgoblin hits you but does no damage.
The kobold hits you but does no damage.
Sigmund's eyes start glowing with a red light.
Sigmund points at you and mumbles some strange words.
You are more confused.
The hobgoblin barely misses you.
You are too confused!
You are too confused!
You are too confused!
You are too confused!
You are too confused!
You are too confused!
You are too confused!
You are too confused!
You are too confused!
You are too confused!
You are too confused!
You are too confused!
You are too confused!
You are too confused!
You are too confused!
You are too confused!
You are too confused!
You are too confused!
You are too confused!
Sigmund hits you with a +3 scythe of protection.
The hobgoblin barely misses you.
There is a stone staircase leading up, spattered with blood here.
You slash Sigmund!
Sigmund is moderately wounded.
You closely miss the hobgoblin. You barely miss the kobold.
The kobold hits you but does no damage. The hobgoblin hits you.
Sigmund points at you and mumbles some strange words.
The puff of flame hits you but does no damage.
You're too confused to move!
The kobold hits you but does no damage. The hobgoblin barely misses you.
Sigmund completely misses you. The hobgoblin hits you.
You hit the kobold.
The kobold is severely wounded.
You completely miss the hobgoblin. The kobold hits you but does no damage.
Sigmund closely misses you.
The hobgoblin hits you but does no damage.
The kobold hits you but does no damage.
You bump into the rock wall.
The hobgoblin hits you but does no damage.
Sigmund hits you from afar with a +3 scythe of protection!
The kobold hits you but does no damage.
You bump into the rock wall.
The hobgoblin closely misses you. The kobold completely misses you.
You bump into the rock wall.
Sigmund hits you from afar with a +3 scythe of protection.
The hobgoblin barely misses you. The kobold closely misses you.
You slash the kobold!
You kill the kobold!
You miss the hobgoblin.
The hobgoblin hits you but does no damage.
Sigmund hits you but does no damage. The hobgoblin barely misses you.
Unknown command.
You feel less confused. Sigmund hits you but does no damage.
You block the hobgoblin's attack.
There is a stone staircase leading up, spattered with blood here.
You see here a +0 dagger.
Unknown command.
You barely miss Sigmund.
Sigmund is moderately wounded.
You hit the hobgoblin.
The hobgoblin hits you but does no damage.
Sigmund points at you and mumbles some strange words.
The puff of flame hits you.
You barely miss Sigmund.
Sigmund is moderately wounded.
You hit the hobgoblin.
You kill the hobgoblin!
Sigmund hits you with a +3 scythe of protection!
* * * LOW HITPOINT WARNING * * *
You closely miss Sigmund. You headbutt Sigmund.
Sigmund is heavily wounded.
Sigmund casts a spell at you. You resist with significant effort.
Okay, then.
You hit Sigmund but do no damage. Your headbutt misses Sigmund.
Sigmund is heavily wounded.
Sigmund hits you with a +3 scythe of protection.
You die...

.......
.....
..... <..
... #.#
#.#
#.######..
#.@@......
#†######..
#.# #.#
... #.#
..# ###


You could see Sigmund.

Vanquished Creatures
  A worm (D:2)
  2 bats (D:2)
  2 endoplasms
  3 giant cockroaches
  3 goblins
  3 hobgoblins
  3 quokkas
  6 ball pythons
  2 frilled lizards (D:1)
  4 kobolds
  6 rats
35 creatures vanquished.

Notes
Turn   | Place    | Note
-------+----------+-------------------------------------------
     0 | D:1      | BorgnjorsVileCrotch the Minotaur Fighter began the quest
                  | for the Orb.
     0 | D:1      | Reached XP level 1. HP: 19/19 MP: 0/0
   224 | D:1      | Reached XP level 2. HP: 21/27 MP: 1/1
   523 | D:1      | Reached skill level 3 in Axes
  1239 | D:2      | Reached skill level 4 in Fighting
  1239 | D:2      | Reached skill level 4 in Shields
  1240 | D:2      | Reached XP level 3. HP: 32/33 MP: 2/2
  1241 | D:2      | Reached skill level 4 in Armour
  1277 | D:2      | Found a faded altar of an unknown god.
  1786 | D:3      | Noticed Sigmund
  1805 | D:3      | HP: 1/33 [Sigmund (9)]
  1807 | D:3      | Slain by Sigmund

Illustrated notes

Levels and vault maps discovered:
D:1:      dpeg_arrival_short_road, layout_basic, kennysheep_doodads
D:2:      layout_loops_ring, shapermc_ecumenical_altar_mp_highgroup
D:3:      layout_loops_ring, serial_shops, shop_statue, uniq_sigmund

Skill      XL: |  1  2  3 |
---------------+----------+-----
Axes           | 3 |  3.4
Fighting       | 4 |  4.0
Shields        | 4 |  4.0
Armour         | 4 |  4.0

Action                   || total
-------------------------++-------
Melee: War axe           ||    88
       Headbutt          ||     7
Armor: Scale mail        ||    61
Dodge: Dodged            ||    45
Block: Buckler           ||    19
